 Dungeon Crawl Stone Soup version 0.28-a0-21-gf74fda84f9 (webtiles) character file.

Game seed: 1847333242240212900

47 rednaxela the Grave Robber (level 3, 0/26 HPs)
             Began as a Ghoul Necromancer on July 25, 2021.
             Slain by a goblin (4 damage)
             ... led by Robin
             ... on level 2 of the Dungeon on July 27, 2021.
             The game lasted 00:04:41 (2041 turns).

rednaxela the Grave Robber (Ghoul Necromancer)      Turns: 2041, Time: 00:04:42

Health: 0/26       AC:  6    Str: 12    XL:     3   Next: 70%
Magic:  4/4        EV: 10    Int: 10    God:
Gold:   62         SH:  0    Dex:  9    Spells: 4/5 levels left

rFire   . . .      SeeInvis .     - Unarmed
rCold   + . .      Faith    .   (no shield)
rNeg    + + +      Spirit   .   b - +1 ring mail
rPois   ∞          Reflect  .   (no helmet)
rElec   .          Harm     .   (no cloak)
rCorr   .          Rampage  .   (no gloves)
Will    .....                   (no boots)
Stlth   +.........              (no amulet)
HPRegen 0.00/turn               (no ring)
MPRegen 0.09/turn               (no ring)

@: inhibited regen
A: claws 1, cold resistance 1, negative energy resistance 3, inhibited
regeneration, torment resistance 2
a: no special abilities


You were on level 2 of the Dungeon.
You visited 1 branch of the dungeon, and saw 2 of its levels.

You collected 62 gold pieces.

Inventory:

Armour
 b - a +1 ring mail (worn)
   (You found it on level 1 of the Dungeon)
Potions
 a - a potion of flight {unknown}
 c - a potion of heal wounds {unknown}


   Skills:
 - Level 1.7 Dodging
 - Level 2.1 Stealth
 + Level 3.5 Unarmed Combat
 - Level 1.7 Spellcasting
 - Level 4.0 Necromancy


You had 4 spell levels left.
You knew the following spells:

 Your Spells              Type           Power      Damage    Failure   Level
a - Pain                  Necr           32%        1d5       14%         1

Your spell library contained the following spells:

 Spells                   Type           Power      Damage    Failure   Level
 Animate Skeleton         Necr           16%        N/A       14%         1
 Vampiric Draining        Necr           4%         2d6       38%         3
 Magic Dart               Conj           0%         1d3       58%         1
 Call Imp                 Summ           0%         N/A       73%         2
 Animate Dead             Necr           4%         N/A       80%         4
 Mephitic Cloud           Conj/Pois/Air  0%         N/A       91%         3
 Agony                    Necr           8%         N/A       98%         5


Dungeon Overview and Level Annotations

Branches:
Dungeon (2/15)

Altars:

Annotations:
D:2 Robin


Innate Abilities, Weirdness & Mutations

You thrive by killing the living.
You are immune to poison.
You have sharp fingernails.
Your flesh is cold resistant. (rC+)
You are immune to negative energy. (rN+++)
You do not regenerate when monsters are visible.
You are immune to unholy pain and torment.


Message History

A worm is nearby!
You see here 5 gold pieces.
Aiming: Pain (safe; 14% risk of failure)
Press: ? - help, Q - select action Shift-Dir - straight line, f - worm
Aim: a worm (chance to affect: 66%)
Okay, then.
You now have 62 gold pieces (gained 5).
You scratch the worm but do no damage. The worm bites you but does no damage.
You barely miss the worm. You claw the worm!
The worm is heavily wounded.
The worm bites you but does no damage.
You claw the worm!
The worm is almost dead.
You scratch the worm but do no damage.
The worm is almost dead.
The worm barely misses you.
You scratch the worm.
The worm is almost dead.
You barely miss the worm.
The worm is almost dead.
The worm barely misses you.
You completely miss the worm.
The worm is almost dead.
The worm bites you.
You scratch the worm.
The worm is almost dead.
You scratch the worm.
The worm is almost dead.
The worm barely misses you.
You scratch the worm but do no damage.
The worm is almost dead.
You scratch the worm.
You kill the worm!
No target in view!
You open the door.
There is an open door here.
Found a scale mail. 4 goblins and Robin come into view.
The goblin shouts! x3
Robin roars a battlecry!
The goblins go into a battle-frenzy!
You hear a shout!
A hobgoblin comes into view.
The hobgoblin shouts!
The goblin hits you but does no damage. Robin throws the goblin at you!
The goblin hits you with a +0 club.
You see here a +0 scale mail.
You claw the goblin!
You kill the goblin!
The goblin hits you with a +0 club.
* * * LOW HITPOINT WARNING * * *
You are too injured to fight recklessly!
You scratch the goblin.
You kill the goblin!
You claw the goblin!
You kill the goblin!
You feel better.
You barely miss the goblin. The goblin barely misses you.
You scratch the goblin but do no damage.
The goblin no longer looks unusually strong.
The goblin closely misses you.
You scratch the goblin.
You kill the goblin!
You feel better.
You claw Robin!
Robin is heavily wounded.
Robin hits you with a +0 club.
You scratch Robin.
Robin is severely wounded.
Robin says, "A pitiful Ghoul like you will never find the ORB!"
Robin hits you but does no damage.
A goblin comes into view. It is wielding a +0 club.
Robin hits you with a +0 club.
Items here: ))) ††.
Your ring mail prevents you from hitting the goblin.
The goblin hits you but does no damage.
You closely miss the goblin. The goblin hits you but does no damage.
The hobgoblin closely misses you.
You closely miss the goblin. The goblin hits you with a +0 club.
* * * LOW HITPOINT WARNING * * *
The hobgoblin hits you.
* * * LOW HITPOINT WARNING * * *
You barely miss the goblin. The goblin hits you with a +0 club.
* * * LOW HITPOINT WARNING * * *
The hobgoblin misses you.
You open the door. The goblin hits you with a +0 club.
* * * LOW HITPOINT WARNING * * *
The hobgoblin hits you but does no damage.
The goblin hits you with a +0 club.
* * * LOW HITPOINT WARNING * * *
There is an open door here.
Robin roars a battlecry!
The hobgoblin goes into a battle-frenzy!
You barely miss the goblin. Robin throws the goblin at you!
The goblin hits you but does no damage. Robin throws the goblin at you!
* * * LOW HITPOINT WARNING * * *
The goblin hits you with a +0 club.
You die...

#....##.#.#.##.#
#.......#.#..#.#
#...........##'##
######..........##
#...........#
#g..........#
#.........#.#
#)##.#.####.#
#....#.g.@g.#
####...g.#..#
#'#...#..#
#.....#..#
#.....########
#....)[...gg..
#....#########
#+#..# #..#


You could see Robin, a hobgoblin (strong) and a goblin (strong).

Vanquished Creatures
  2 worms (D:2)
  7 endoplasms
  A giant cockroach (D:1)
  3 hobgoblins (D:1)
  3 jackals (D:1)
  4 quokkas (D:1)
  3 ball pythons
  4 bats (D:1)
  A frilled lizard (D:1)
  6 goblins
  A kobold (D:1)
35 creatures vanquished.

Notes
Turn   | Place    | Note
-------+----------+-------------------------------------------
     0 | D:1      | rednaxela the Ghoul Necromancer began the quest for the
                  | Orb.
     0 | D:1      | Reached XP level 1. HP: 14/14 MP: 2/2
   544 | D:1      | Reached skill level 1 in Unarmed Combat
   762 | D:1      | Reached XP level 2. HP: 20/20 MP: 3/3
   769 | D:1      | Reached skill level 2 in Unarmed Combat
  1345 | D:1      | Upgraded the game from 0.28-a0-10-g964c8b829e to
                  | 0.28-a0-21-gf74fda84f9
  1345 | D:1      | Reached XP level 3. HP: 26/26 MP: 4/4
  1472 | D:1      | Reached skill level 3 in Unarmed Combat
  1509 | D:1      | Found a faded altar of an unknown god.
  2006 | D:2      | Noticed Robin
  2041 | D:2      | Slain by a goblin

Illustrated notes

Levels and vault maps discovered:
D:1:      lightli_arrival_isolated_outpost, layout_loops_ring,
          basic_ecumenical_altar, minivault_26
D:2:      layout_basic, grunt_decor_cap, uniq_crazy_yiuf_cottage, uniq_robin

Skill      XL: |  1  2  3 |
---------------+----------+-----
Unarmed Combat | 1 2 3 |  3.5
Dodging        | |  1.7
Stealth        | |  2.1
Spellcasting   | |  1.7
Necromancy     | |  4.0

Action                   || total
-------------------------++-------
Melee: Unarmed           ||   163
  Use: Scroll            ||     1
 Stab: Sleeping          ||     1
Armor: Ring mail         ||    57
Dodge: Dodged            ||    73

Table legend: (Time is in decaauts)
 A = Elapsed time spent in this place.
 B = Non-inter-level travel time spent in this place.
 C = Inter-level travel time spent in this place.
 D = Time resting spent in this place.
 E = Time spent auto-exploring this place.
 F = Levels seen in this place.
 G = Mean time per level.
                   A        B        C        D        E       F      G
               +--------+--------+--------+--------+--------+-----+--------+
         Total |   2048 |   2010 |     38 |    246 |   1328 |   2 | 1024.0 |
       Dungeon |   2048 |   2010 |     38 |    246 |   1328 |   2 | 1024.0 |
               +--------+--------+--------+--------+--------+-----+--------+

Top non-repeatable levels by time:
     D:1: 1742 daAuts
     D:2: 306 daAuts
